TOP OF THE 1ST |
Clinton LumberKings batting - Pitching for Hickory Crawdads : LHP Francisco Rivas
|
Pitching: LHP Francisco Rivas
|
|
Batting: RHB Josh Ruhl
|
0-0: Swinging Strike 0-1: Foul Ball, location: 2F 0-2: Ball 1-2: Strikes out swinging
|
Batting: LHB Israel Montoya
|
0-0: Foul Ball, location: 2F 0-1: Foul Ball, location: 2F 0-2: Foul Ball, location: 2F 0-2: Strikes out swinging
|
Batting: RHB Heitaro Tanaka
|
0-0: Swinging Strike 0-1: Ground out U3 (Groundball, 34, EV 86.9 MPH)
|
Top of the 1st over - 0 runs, 0 hits, 0 errors, 0 left on base; Clinton 0 - Hickory 0 |
BOTTOM OF THE 1ST |
Hickory Crawdads batting - Pitching for Clinton LumberKings : RHP Devon Washington
|
Pitching: RHP Devon Washington
|
|
Batting: RHB Danny Murillo
|
0-0: Called Strike 0-1: Foul Ball, location: 2F 0-2: Ball 1-2: Foul Ball, location: 2F 1-2: Ground out 6-3 (Groundball, 6, EV 101.9 MPH)
|
Batting: RHB Edwin Soto
|
0-0: Fly out, F8 (Flyball, 8RM, EV 94.4 MPH)
|
Batting: RHB Dermott Neill
|
0-0: Swinging Strike 0-1: Foul Ball, location: 2F 0-2: Foul Ball, location: 2F 0-2: Ball 1-2: Strikes out swinging
|
Bottom of the 1st over - 0 runs, 0 hits, 0 errors, 0 left on base; Clinton 0 - Hickory 0 |
TOP OF THE 2ND |
Clinton LumberKings batting - Pitching for Hickory Crawdads : LHP Francisco Rivas
|
Batting: LHB Taki Matsui
|
0-0: Ball 1-0: Swinging Strike 1-1: Called Strike 1-2: Strikes out swinging
|
Batting: RHB Matt Fenimore
|
0-0: Swinging Strike 0-1: Ball 1-1: Ball 2-1: Called Strike 2-2: Foul Ball, location: 2F 2-2: Ball 3-2: Strikes out looking
|
Batting: LHB Nick McGraw
|
0-0: Ground out 6-3 (Groundball, 6, EV 86.2 MPH)
|
Top of the 2nd over - 0 runs, 0 hits, 0 errors, 0 left on base; Clinton 0 - Hickory 0 |
BOTTOM OF THE 2ND |
Hickory Crawdads batting - Pitching for Clinton LumberKings : RHP Devon Washington
|
Batting: LHB Alfonso Collazo
|
0-0: Foul Ball, location: 2F 0-1: Fly out, F8 (Flyball, 8LXD, EV 101.9 MPH)
|
Batting: RHB Jorge Benites
|
0-0: Ball 1-0: Fly out, F5 (Line Drive, 5, EV 67.5 MPH)
|
Batting: RHB Austin Mickelson
|
0-0: Ball 1-0: Called Strike 1-1: Fly out, F8 (Flyball, 8LD, EV 73.8 MPH)
|
Bottom of the 2nd over - 0 runs, 0 hits, 0 errors, 0 left on base; Clinton 0 - Hickory 0 |
TOP OF THE 3RD |
Clinton LumberKings batting - Pitching for Hickory Crawdads : LHP Francisco Rivas
|
Batting: LHB Sean Trueblood
|
0-0: Called Strike 0-1: Ball 1-1: Swinging Strike 1-2: Ball 2-2: Foul Ball, location: 2F 2-2: Strikes out swinging
|
Pitching: RHP Lu-shan Zhào
|
|
Batting: RHB David Greene
|
0-0: Called Strike 0-1: Ball 1-1: Ground out 5-3 (Groundball, 56, EV 80.6 MPH)
|
Batting: RHB Omar Solis
|
0-0: Ground out 6-3 (Groundball, 6, EV 83.1 MPH)
|
Top of the 3rd over - 0 runs, 0 hits, 0 errors, 0 left on base; Clinton 0 - Hickory 0 |
BOTTOM OF THE 3RD |
Hickory Crawdads batting - Pitching for Clinton LumberKings : RHP Devon Washington
|
Batting: RHB Shoh Tanioka
|
0-0: Called Strike 0-1: Ball 1-1: Foul Ball, location: 2F 1-2: Ball 2-2: Foul Ball, location: 2F 2-2: Ground out 6-3 (Groundball, 6, EV 83.1 MPH)
|
Batting: RHB Zach Thomason
|
0-0: Ball 1-0: Fly out, F8 (Flyball, 8LD, EV 104.4 MPH)
|
Batting: RHB Eduardo Chavez
|
0-0: Swinging Strike 0-1: Foul Ball, location: 2F 0-2: Strikes out looking
|
Bottom of the 3rd over - 0 runs, 0 hits, 0 errors, 0 left on base; Clinton 0 - Hickory 0 |
TOP OF THE 4TH |
Clinton LumberKings batting - Pitching for Hickory Crawdads : RHP Lu-shan Zhào
|
Batting: RHB Josh Ruhl
|
0-0: Called Strike 0-1: Ball 1-1: Ball 2-1: Ball 3-1: Foul Ball, location: 2F 3-2: Foul Ball, location: 2F 3-2: Base on Balls
|
Batting: LHB Israel Montoya
|
0-0: Ball 1-0: Fielders Choice at 2nd, 4-6 (Groundball, 34, EV 84.4 MPH)
|
Batting: RHB Heitaro Tanaka
|
0-0: Ground out 6-3 (Groundball, 6M, EV 111.9 MPH) Israel Montoya to second
|
Batting: LHB Taki Matsui
|
0-0: Called Strike 0-1: Foul Ball, location: 2F 0-2: Strikes out swinging
|
Top of the 4th over - 0 runs, 0 hits, 0 errors, 1 left on base; Clinton 0 - Hickory 0 |
BOTTOM OF THE 4TH |
Hickory Crawdads batting - Pitching for Clinton LumberKings : RHP Devon Washington
|
Batting: RHB Danny Murillo
|
0-0: Swinging Strike 0-1: Swinging Strike 0-2: Ball 1-2: Ball 2-2: Strikes out swinging
|
Batting: RHB Edwin Soto
|
0-0: Fly out, F8 (Flyball, 89M, EV 91.9 MPH)
|
Batting: RHB Dermott Neill
|
0-0: Ball 1-0: Ball 2-0: Ball 3-0: Base on Balls
|
Batting: LHB Alfonso Collazo
|
0-0: Ball 1-0: Fly out, F7 (Flyball, 7D, EV 98.8 MPH)
|
Bottom of the 4th over - 0 runs, 0 hits, 0 errors, 1 left on base; Clinton 0 - Hickory 0 |
TOP OF THE 5TH |
Clinton LumberKings batting - Pitching for Hickory Crawdads : RHP Lu-shan Zhào
|
Batting: RHB Matt Fenimore
|
0-0: Foul Ball, location: 2F 0-1: Foul Ball, location: 2F 0-2: Ball 1-2: Foul Ball, location: 2F 1-2: Foul Ball, location: 2F 1-2: Foul Ball, location: 2F 1-2: Foul Ball, location: 2F 1-2: Strikes out swinging
|
Batting: LHB Nick McGraw
|
0-0: Ball 1-0: Called Strike 1-1: Called Strike 1-2: Strikes out swinging
|
Batting: LHB Sean Trueblood
|
0-0: Called Strike 0-1: Ball 1-1: Foul Ball, location: 2F 1-2: Strikes out looking
|
Top of the 5th over - 0 runs, 0 hits, 0 errors, 0 left on base; Clinton 0 - Hickory 0 |
BOTTOM OF THE 5TH |
Hickory Crawdads batting - Pitching for Clinton LumberKings : RHP Devon Washington
|
Batting: RHB Jorge Benites
|
0-0: Ball 1-0: Ball 2-0: Foul Ball, location: 2F 2-1: Ball 3-1: Base on Balls
|
Batting: RHB Austin Mickelson
|
0-0: Called Strike 0-1: Ball 1-1: Ball 2-1: Foul Ball, location: 2F 2-2: Foul Ball, location: 2F 2-2: Grounds into double play, 5-4-3 (Groundball, 56, EV 81.9 MPH)
|
Batting: RHB Shoh Tanioka
|
0-0: Called Strike 0-1: Hit by Pitch
|
Batting: RHB Zach Thomason
|
0-0: Ball 1-0: Ball Shoh Tanioka is caught stealing 2nd base 2-4
|
Bottom of the 5th over - 0 runs, 0 hits, 0 errors, 0 left on base; Clinton 0 - Hickory 0 |
TOP OF THE 6TH |
Clinton LumberKings batting - Pitching for Hickory Crawdads : RHP Lu-shan Zhào
|
Batting: RHB David Greene
|
0-0: Ball 1-0: Foul Ball, location: 2F 1-1: Swinging Strike 1-2: Ball 2-2: Strikes out looking
|
Batting: RHB Omar Solis
|
0-0: Foul Ball, location: 2F 0-1: Foul Ball, location: 2F 0-2: Ball 1-2: Strikes out swinging
|
Batting: RHB Josh Ruhl
|
0-0: Called Strike 0-1: Fly out, F8 (Flyball, 8LD, EV 104.4 MPH)
|
Top of the 6th over - 0 runs, 0 hits, 0 errors, 0 left on base; Clinton 0 - Hickory 0 |
BOTTOM OF THE 6TH |
Hickory Crawdads batting - Pitching for Clinton LumberKings : RHP Devon Washington
|
Batting: RHB Zach Thomason
|
0-0: Ball 1-0: Ball 2-0: Ball 3-0: Fly out, F7 (Line Drive, 78M, EV 100.0 MPH)
|
Batting: RHB Eduardo Chavez
|
0-0: Ball 1-0: Foul Ball, location: 2F 1-1: Fly out, F5 (Line Drive, 5, EV 65.0 MPH)
|
Batting: RHB Danny Murillo
|
0-0: Ground out 5-3 (Groundball, 56, EV 106.2 MPH)
|
Bottom of the 6th over - 0 runs, 0 hits, 0 errors, 0 left on base; Clinton 0 - Hickory 0 |
TOP OF THE 7TH |
Clinton LumberKings batting - Pitching for Hickory Crawdads : RHP Lu-shan Zhào
|
Pitching: RHP Kouchiro Yamaguchi
|
|
Batting: LHB Israel Montoya
|
0-0: Ball 1-0: SOLO HOME RUN (Flyball, 9D, EV 99.4 MPH), Distance : 394 ft
|
Batting: RHB Heitaro Tanaka
|
0-0: Ball 1-0: Called Strike 1-1: Foul Ball, location: 2F 1-2: Foul Ball, location: 2F 1-2: Foul Ball, location: 2F 1-2: Foul Ball, location: 2F 1-2: Strikes out swinging
|
Pitching: LHP Harry Tuckfard
|
|
Batting: LHB Taki Matsui
|
0-0: Called Strike 0-1: Ball 1-1: Called Strike 1-2: Strikes out swinging
|
Batting: RHB Matt Fenimore
|
0-0: Swinging Strike 0-1: Called Strike 0-2: Fly out, F1 (Popup, P, EV 78.8 MPH)
|
Top of the 7th over - 1 run, 1 hit, 0 errors, 0 left on base; Clinton 1 - Hickory 0 |
BOTTOM OF THE 7TH |
Hickory Crawdads batting - Pitching for Clinton LumberKings : RHP Devon Washington
|
Batting: RHB Edwin Soto
|
0-0: Called Strike 0-1: Ball 1-1: Ground out 5-3 (Groundball, 5L, EV 103.8 MPH)
|
Batting: RHB Dermott Neill
|
0-0: Foul Ball, location: 2F 0-1: Ball 1-1: Foul Ball, location: 2F 1-2: Strikes out swinging
|
Batting: LHB Alfonso Collazo
|
0-0: Ball 1-0: Foul Ball, location: 2F 1-1: Ball 2-1: Fly out, F9 (Flyball, 9, EV 81.2 MPH)
|
Bottom of the 7th over - 0 runs, 0 hits, 0 errors, 0 left on base; Clinton 1 - Hickory 0 |
TOP OF THE 8TH |
Clinton LumberKings batting - Pitching for Hickory Crawdads : LHP Harry Tuckfard
|
Batting: LHB Nick McGraw
|
0-0: Ball 1-0: Fly out, F3 (Line Drive, 34, EV 68.8 MPH)
|
Batting: LHB Sean Trueblood
|
0-0: SOLO HOME RUN (Flyball, 8LXD, EV 115.0 MPH), Distance : 456 ft
|
Batting: RHB David Greene
|
0-0: Ball 1-0: Called Strike 1-1: Foul Ball, location: 2F 1-2: Ball 2-2: Ball 3-2: Ground out 4-3 (Groundball, 4, EV 81.2 MPH)
|
Batting: RHB Omar Solis
|
0-0: Ball 1-0: Foul Ball, location: 2F 1-1: Called Strike 1-2: Ball 2-2: Foul Ball, location: 2F 2-2: Foul Ball, location: 2F 2-2: Ground out 3-1 (Groundball, 34, EV 84.4 MPH)
|
Top of the 8th over - 1 run, 1 hit, 0 errors, 0 left on base; Clinton 2 - Hickory 0 |
BOTTOM OF THE 8TH |
Hickory Crawdads batting - Pitching for Clinton LumberKings : RHP Devon Washington
|
Batting: RHB Jorge Benites
|
0-0: Ball 1-0: Ball 2-0: Called Strike 2-1: Ball 3-1: Swinging Strike 3-2: Strikes out looking
|
Batting: RHB Austin Mickelson
|
0-0: Foul Ball, location: 2F 0-1: SINGLE (Flyball, 34D, EV 92.5 MPH)
|
Batting: RHB Shoh Tanioka
|
0-0: Ball 1-0: Fielders Choice at 2nd, 2-4 (Groundball, 15S, EV 65.0 MPH)
|
Batting: RHB Zach Thomason
|
0-0: Foul Ball, location: 2F 0-1: Ball 1-1: Fly out, F8 (Line Drive, 8LM, EV 95.0 MPH)
|
Bottom of the 8th over - 0 runs, 1 hit, 0 errors, 1 left on base; Clinton 2 - Hickory 0 |
TOP OF THE 9TH |
Clinton LumberKings batting - Pitching for Hickory Crawdads : LHP Harry Tuckfard
|
Batting: RHB Josh Ruhl
|
0-0: Foul Ball, location: 2F 0-1: Foul Ball, location: 2F 0-2: Strikes out swinging
|
Batting: LHB Israel Montoya
|
0-0: Called Strike 0-1: Foul Ball, location: 2F 0-2: Fly out, F4 (Flyball, 3D, EV 78.8 MPH)
|
Batting: RHB Heitaro Tanaka
|
0-0: Called Strike 0-1: Foul Ball, location: 2F 0-2: Foul Ball, location: 2F 0-2: Ball 1-2: Strikes out swinging
|
Top of the 9th over - 0 runs, 0 hits, 0 errors, 0 left on base; Clinton 2 - Hickory 0 |
BOTTOM OF THE 9TH |
Hickory Crawdads batting - Pitching for Clinton LumberKings : RHP Devon Washington
|
Pitching: RHP Luis Pantoja
|
|
Now in LF: Brendan Bundy
|
|
Batting: RHB Eduardo Chavez
|
0-0: Ball 1-0: DOUBLE (Line Drive, 8RXD, EV 101.9 MPH)
|
Pinch Hitting: LHB Matt Sigurdson
|
0-0: Ball 1-0: Swinging Strike 1-1: Ball 2-1: Ball Wild Pitch! Eduardo Chavez to third 3-1: Base on Balls
|
Pinch Hitting: LHB Matt Purke Jr.
|
0-0: Ball 1-0: Ball 2-0: Called Strike 2-1: Ball 3-1: Base on Balls Matt Sigurdson to second
|
Batting: RHB Dermott Neill
|
0-0: Ball 1-0: Foul Ball, location: 2F 1-1: Swinging Strike 1-2: Ball 2-2: Ball 3-2: Foul Ball, location: 2F 3-2: Strikes out swinging
|
Batting: LHB Alfonso Collazo
|
0-0: Ball 1-0: Ball 2-0: Called Strike 2-1: Fly out, F9 (Flyball, 89D, EV 80.0 MPH)
|
Batting: RHB Jorge Benites
|
0-0: Ball 1-0: Fielders Choice at 2nd, 5-4 (Groundball, 56, EV 100.0 MPH)
|
Bottom of the 9th over - 0 runs, 1 hit, 0 errors, 3 left on base; Clinton 2 - Hickory 0 |
|